 Dungeon Crawl Stone Soup version 0.28-b1 (webtiles) character file.

Game seed: 3629494078314628578

62 Araneus the Insei (level 3, -6/29 HPs)
             Began as a Demonspawn Monk on Jan 26, 2022.
             Killed by nerve-wracking pain
             ... invoked by Grinder
              (13 damage)
             ... while paralysed by Grinder
             ... on level 3 of the Dungeon.
             The game lasted 00:05:11 (2865 turns).

Araneus the Insei (Demonspawn Monk)                 Turns: 2865, Time: 00:05:12

Health: -6/29      AC:  3    Str: 13    XL:     3   Next: 85%
Magic:  3/3        EV:  2    Int: 11    God:
Gold:   89         SH:  0    Dex: 15    Spells: 2/2 levels left

rFire   . . .      SeeInvis .     - Unarmed
rCold   . . .      Faith    .   (no shield)
rNeg    . . .      Spirit   .   a - +0 robe
rPois   .          Reflect  .   (no helmet)
rElec   .          Harm     .   (no cloak)
rCorr   .          Rampage  .   (no gloves)
Will    .....                   (no boots)
Stlth   ++........              (no amulet)
HPRegen 0.09/turn               (no ring)
MPRegen 0.08/turn               (no ring)

@: paralysed, flying
A: claws 1, rugged brown scales 1
a: no special abilities


You were on level 3 of the Dungeon.
You visited 1 branch of the dungeon, and saw 3 of its levels.

You collected 89 gold pieces.

Inventory:

Missiles
 d - 2 curare-tipped darts (quivered)
Armour
 a - a +0 robe (worn)
Jewellery
 e - an amulet of the acrobat
Scrolls
 b - a scroll of enchant weapon {unknown}
 c - 2 scrolls of identify {unknown}


   Skills:
 - Level 3.0 Fighting
 - Level 2.6 Dodging
 - Level 1.7 Stealth
 + Level 4.4 Unarmed Combat


You had 2 spell levels left.
You didn't know any spells.
Your spell library contained the following spells:

 Spells                   Type           Power      Damage    Failure   Level
 Dazzling Flash           Conj/Hex       0%         N/A       71%         3
 Tukima's Dance           Hex            0%         N/A       71%         3
 Iskenderun's Mystic Bla  Conj/Tloc      0%         2d3       98%         4
 Passage of Golubria      Tloc           0%         N/A       98%         4
 Yara's Violent Unravell  Hex/Tmut       0%         3d3       100%        5
 Starburst                Conj/Fire      0%         6d3       100%        6


Dungeon Overview and Level Annotations

Branches:
Dungeon (3/15)

Altars:

Annotations:
D:3 Grinder


Innate Abilities, Weirdness & Mutations

You have sharp fingernails.
You are partially covered in rugged brown scales. (AC +1, +3% HP)


Message History

Aim: Grinder (55% to hit)
You throw a curare-tipped dart. The curare-tipped dart hits Grinder.
Throw: 6 darts (curare)
Press: ? - help, Q - select action Shift-Dir - straight line, f/p - Grinder
Aim: Grinder (55% to hit)
You throw a curare-tipped dart. The curare-tipped dart hits Grinder.
Grinder gestures at you. You resist with significant effort.
Throw: 5 darts (curare)
Press: ? - help, Q - select action Shift-Dir - straight line, f/p - Grinder
Aim: Grinder (55% to hit)
You throw a curare-tipped dart. The curare-tipped dart hits Grinder.
Grinder gestures at you. Pain shoots through your body!
Throw: 4 darts (curare)
Press: ? - help, Q - select action Shift-Dir - straight line, f/p - Grinder
Aim: Grinder (55% to hit)
You throw a curare-tipped dart.
The curare-tipped dart barely misses Grinder.
Grinder says, "FISH!"
Grinder gestures at you.
You barely resist.
Throw: 3 darts (curare)
Press: ? - help, Q - select action Shift-Dir - straight line, f/p - Grinder
Aim: Grinder (55% to hit)
You throw a curare-tipped dart.
The curare-tipped dart closely misses Grinder.
Grinder gestures at you. Pain shoots through your body!
* * * LOW HITPOINT WARNING * * *
It was a potion of flight.
You feel very buoyant.
You fly up into the air.
Grinder gestures at you. You resist with significant effort.
Grinder gestures at you.
You suddenly lose the ability to move!
Grinder gestures at you. Pain shoots through your body!
You die...

###.....# #...#...#
#...#...######
#...#.#......#
###..)#.#......#
#..............#
#...[........#
#.#.#..5.........#
#...((<.###@....<##
#.......# ##†##...#
#(......# #..# ..#
#....(...# ##.##..####
#......#.. #.........
.......###(.##....####
.###.## #.......# ..
#######...##
...........##


You could see Grinder.

Vanquished Creatures
  2 worms (D:2)
  3 dart slugs
  5 ball pythons
  4 bats
  6 endoplasms
  A giant cockroach (D:2)
  7 goblins
  4 hobgoblins
  8 frilled lizards
  4 kobolds
  5 rats
49 creatures vanquished.

Vanquished Creatures (others)
  A plant (D:1)
1 creature vanquished.

Grand Total: 50 creatures vanquished

Notes
Turn   | Place    | Note
-------+----------+-------------------------------------------
     0 | D:1      | Araneus the Demonspawn Monk began the quest for the Orb.
     0 | D:1      | Reached XP level 1. HP: 18/18 MP: 1/1
    48 | D:1      | Reached skill level 3 in Unarmed Combat
   380 | D:1      | Gained mutation: You are partially covered in rugged brown
                  | scales. (AC +1, +3% HP) [demonic ancestry]
   380 | D:1      | Reached XP level 2. HP: 16/24 MP: 2/2
  1704 | D:2      | Gained mutation: You have sharp fingernails. [demonic
                  | ancestry]
  1704 | D:2      | Reached XP level 3. HP: 20/29 MP: 3/3
  1945 | D:2      | Reached skill level 4 in Unarmed Combat
  2112 | D:2      | Found a faded altar of an unknown god.
  2702 | D:3      | Noticed Grinder
  2864 | D:3      | Paralysed by Grinder for 7 turns
  2865 | D:3      | Killed from afar by Grinder

Illustrated notes

Levels and vault maps discovered:
D:1:      dpeg_arrival_central, layout_basic, serial_forest,
          infiniplex_forest_clump_long, infiniplex_forest_straight_1,
          infiniplex_forest_lined_2, infiniplex_forest_straight_2,
          infiniplex_forest_straight_5, infiniplex_forest_clump_long,
          infiniplex_forest_clump_small, infiniplex_forest_lined_4_way
D:2:      layout_basic, dreamdust_ecumenical_altar_statues, serial_corexii_hall,
          corexii_hall_statues_l, corexii_hall_statues_i, columned_hall_lemuel
D:3:      layout_rooms, uniq_grinder, uniq_jessica

Skill      XL: |  1  2  3 |
---------------+----------+-----
Unarmed Combat | 3 4 |  4.4
Fighting       | |  3.0
Dodging        | |  2.6
Stealth        | |  1.7

Action                   || total
-------------------------++-------
Melee: Unarmed           ||   142
       Punch             ||     2
Throw: Dart              ||     8
  Use: Potion            ||     1
 Stab: Sleeping          ||    10
Armor: Robe              ||    26
Dodge: Dodged            ||    55
